 Dungeon Crawl Stone Soup version 0.15-a0-773-g3a4c672 (webtiles) character file.

378966 Zernach the Bringer of Law (level 23, -18/158 HPs)
             Began as a Formicid Fighter on May 6, 2014.
             Was the Champion of Zin.
             Blown up by Boris (47 damage)
             ... with a wavering orb of destruction
             ... on Level 4 of the Vaults on May 13, 2014.
             The game lasted 08:16:52 (51595 turns).

Zernach the Bringer of Law (Formicid Fighter)      Turns: 51595, Time: 08:16:52

HP -18/158       AC 38     Str 36      XL: 23   Next: 91%
MP  44/44        EV  8     Int 20      God: Zin [******]
Gold 4291        SH 48     Dex 19 (20) Spells:  0 memorised, 22 levels left

rFire  + + +     SeeInvis +     q - +1 glaive (holy)
rCold  + + .     Clarity  .     o - +4 plate armour {rF+}
rNeg   + + .     Conserve .     x - +1 large shield {AC+3}
rPois  +         rCorr    .     (helmet unavailable)
rElec  .         rRot     .     j - +0 cloak {rC+}
SustAb . .       Spirit   .     O - +2 pair of gloves of the Big Bang {Dex-2 Int-1 Dam+2}
rMut   .         Warding  +     s - +1 pair of boots {rC+}
Gourm  .         Stasis   +     U - amulet of Chizatt {Ward rPois rF+ rN++ Dex+3}
MR     ++...                    A - +6 ring of protection
                                R - ring of protection from fire

@: short of breath, vitalised, very resistant to hostile enchantments, extremely
unstealthy
A: permanent stasis, dig shafts and tunnels, four strong arms, antennae 3, frail
1
a: Dig, Shaft Self, Recite, Vitalisation, Imprison, Sanctuary, Cure All
Mutations, Renounce Religion
}: 2/15 runes: decaying, serpentine


You were on level 4 of the Vaults.
You worshipped Zin.
Zin was exalted by your worship.
You were not hungry.

You visited 8 branches of the dungeon, and saw 44 of its levels.
You visited the Abyss 1 time.
You also visited: Bailey, Ice Cave and Volcano.

You collected 5072 gold pieces.
You spent 309 gold pieces at shops.
You donated 472 gold pieces to Zin.

Inventory:

Hand weapons
 c - a +4,+2 glaive of protection
 e - a +4,+5 glaive of dragon slaying
 f - a +2,+4 halberd of flaming
 q - a +1,+1 glaive of holy wrath (weapon)
 K - a +2,+0 antimagic halberd
Armour
 j - a +0 cloak of cold resistance (worn)
 o - a +4 plate armour of fire resistance (worn)
 s - a +1 pair of boots of cold resistance (worn)
 x - a +1 large shield of protection (worn)
 O - the +2 pair of gloves of the Big Bang (worn) {Dex-2 Int-1 Dam+2}
   (You found it on level 4 of the Snake Pit)

   It affects your intelligence (-1).
   It affects your dexterity (-2).
   It affects your damage with ranged weapons and melee attacks (+2).
Magical devices
 n - a wand of paralysis (2)
 p - a wand of lightning (9)
 z - a wand of invisibility (8)
 B - a wand of fire (7)
 E - a wand of fireball (5)
 T - a wand of disintegration (8)
 Y - a wand of disintegration (9)
Comestibles
 V - 5 honeycombs
Scrolls
 a - 2 scrolls of fear
 d - 2 scrolls of fog
 i - 2 scrolls of identify
 k - a scroll of remove curse
 l - a scroll of vulnerability
 H - a scroll of silence
Jewellery
 h - an uncursed amulet of the gourmand
 u - a +3 ring of protection
 w - the ring "Crooley" {Wiz rC+}
   (You found it on level 7 of the Lair of Beasts)

   [ring of wizardry]

   It improves your spell success rate.
   It protects you from cold.
 y - an uncursed ring of sustain abilities
 A - a +6 ring of protection (right hand)
 D - an uncursed ring of protection from cold
 R - a ring of protection from fire (left hand)
 S - an uncursed ring of flight
 U - the amulet of Chizatt (around neck) {Ward rPois rF+ rN++ Dex+3}
   (You bought it in a shop on level 8 of the Dungeon)

   [amulet of warding]

   It may prevent the melee attacks of summoned creatures.
   It affects your dexterity (+3).
   It protects you from fire.
   It protects you from poison.
   It greatly protects you from negative energy.
Miscellaneous
 b - a stone of tremors
 C - a phial of floods
 I - a stone of tremors
 P - a disc of storms
 Q - a fan of gales


   Skills:
 + Level 13.5 Fighting
 - Level 16.3 Polearms
 - Level 16.3 Armour
 - Level 15.0 Shields
 O Level 27 Invocations
 - Level 11.0 Evocations


You had 22 spell levels left.
You didn't know any spells.

Dungeon Overview and Level Annotations

Branches:
Dungeon (13/15)            Temple (0/1) D:6             Orc (4/4) D:10
    Elf (3/3) Orc:4          Lair (8/8) D:8           Swamp (5/5) Lair:4
  Snake (5/5) Lair:5        Slime (0/6) Lair:8       Vaults (5/5) D:13
  Blade (1/1) Vaults:4      Crypt (0/3) Vaults:3

Altars:
Cheibriados
Dithmenos
Elyvilon
Kikubaaqudgha
Trog
Xom
Zin

Shops:
D:7 (   D:8 }}**!   D:11 *   D:13 (   Orc:2 !   Orc:4 %%*[   Elf:3 [*
Vaults:1 (   Vaults:2 !   Vaults:3 *

Annotations:
Vaults:4 Boris


Innate Abilities, Weirdness & Mutations

Your are under a permanent stasis effect.
You can dig through walls and to a lower floor.
Your four strong arms can wield two-handed weapons with a shield.
You have a pair of large antennae on your head (SInv).
You are frail (-10% HP).


Message History

You hit Boris.
Boris convulses.
Boris is moderately damaged.
Boris casts a spell at you. The bolt of cold hits you! You resist.
* * * LOW HITPOINT WARNING * * *
You slice Boris!!
Boris convulses!
Boris is heavily damaged.
Boris gestures wildly while chanting.
Boris flickers and vanishes for a moment.
You slice Boris!!
Boris convulses!
Boris is severely damaged.
Boris hits you!
* * * LOW HITPOINT WARNING * * *
You block Boris' attack.
You aren't carrying any potions.
You barely miss Boris.
Boris is severely damaged.
Boris conjures an orb of pure magic.
The wavering orb of destruction weakly hits you!
You die...

############# ######
#....##.....# #.....
########.....##....########.....
#......#...p..##...'......'.....
#......#.......##..#......'.....
#......#.....#L....#......#....>
#..(...#....##(@.p.#......+.....
#..>...#...##......#))....######
#....(.(..##..##...#..)...#
#.=....#.##...)##..###(#########
#......###......##.###(#.'('.'.#
##''######.)##....####.[#.#.'.#.#
......#.'..%.##....####'#.#.#.#.+
.......##.....##....##...(#.#.#..
..#..)..#......##...#######.'.###


You could see Boris (invisible) and 2 vault guards.

Vanquished Creatures
  the Lernaean hydra (Swamp:5)
  Vashnia (Snake:3)
  2 deep elf master archers (Elf:3)
  2 deep elf blademasters (Elf:3)
  A tentacled starspawn (Abyss:1)
  Frances (Snake:3)
  3 fire giants
  A frost giant (Vaults:4)
  Donald (Orc:4)
  Wiglaf (Swamp:4)
  5 deep elf sorcerers
  8 vault wardens
  5 greater nagas
  Jorgrun (Snake:3)
  10 deep elf demonologists
  2 stone giants
  2 deep elf annihilators (Elf:3)
  An ettin (Vaults:4)
  5 deep elf death magi
  4 fire dragons
  16 vault guards
  A blizzard demon (Elf:3)
  3 ice dragons
  3 deep elf high priests
  7 yaktaur captains
  29 hydras
  Harold (Lair:6)
  9 ironheart preservers
  22 dancing weapons
  19 naga warriors
  4 alligators
  15 death yaks
  Erica (Orc:4)
  15 ogre magi
  A deep troll earth mage (Vaults:4)
  7 anacondas
  2 orc high priests
  17 naga sharpshooters
  A spriggan berserker (Swamp:2)
  A spectral elf (Elf:3)
  4 centaur warriors
  12 deep elf knights
  2 salamander mystics
  8 hell knights
  A soul eater (Orc:4)
  Nergalle (Orc:4)
  10 very ugly things
  4 shock serpents
  A hell beast (Elf:3)
  5 skeletal warriors
  A shadow wraith (Vaults:4)
  7 naga ritualists
  2 ice devils (IceCv)
  8 spriggan druids
  4 unseen horrors
  13 swamp dragons
  8 deep elf summoners
  A giant orange brain (Vaults:3)
  2 ice statues (IceCv)
  4 necromancers
  7 deep trolls
  2 sea snakes (Snake:2)
  5 hill giants
  11 ironbrand convokers
  11 orc knights
  15 deep elf conjurers
  2 wolf spiders
  3 harpies (Vaults:3)
  6 orc sorcerers
  2 red wasps
  5 griffons
  A sixfirhy (Elf:3)
  A human zombie (Vaults:2)
  12 salamanders
  A wizard (Vaults:1)
  A phantasmal warrior (Vaults:3)
  A mana viper (Snake:1)
  5 cyclopes
  30 slime creatures
  An oklob plant (Lair:7)
  10 elephants
  26 black mambas
  A draconian (shapeshifter) (Vaults:1)
  3 orange demons
  5 guardian serpents (Snake:5)
  A fire giant skeleton (Vaults:2)
  16 vault sentinels
  An orange crystal statue (D:10)
  A storm dragon simulacrum (Vaults:4)
  19 spiny frogs
  A yaktaur zombie (Vaults:2)
  25 naga magi
  A feature mimic (Lair:3)
  A hellwing (Elf:3)
  16 komodo dragons
  20 two-headed ogres
  3 trolls
  A red devil (Elf:3)
  30 yaktaurs
  A hydra zombie (D:9)
  An ancient zyme (Abyss:1)
  A queen bee (D:8)
  2 wandering mushrooms (D:8)
  13 boggarts
  7 giant fireflies
  4 blue devils (IceCv)
  4 giant leeches
  A wind drake (shapeshifter) (Vaults:1)
  5 fire drakes
  15 deep elf priests
  A hydra skeleton (D:12)
  4 freezing wraiths
  2 polar bears
  12 ravens
  2 baby alligators (Swamp:4)
  8 bog bodies
  5 boulder beetles
  A catoblepas skeleton (D:13)
  8 blink frogs
  A baby alligator (shapeshifter) (Vaults:4)
  3 human simulacra
  2 wraiths
  3 basilisks
  A griffon skeleton (D:11)
  52 yaks
  A flying skull (Vaults:3)
  2 ynoxinuls
  A water elemental (D:13)
  2 shadows
  A redback (Elf:1)
  2 sharks
  A trapdoor spider (shapeshifter) (Vaults:2)
  12 spriggans
  3 elephant slugs
  3 steam dragons
  41 ugly things
  A neqoxec (Elf:3)
  A golden eye (shapeshifter) (Vaults:4)
  4 wyverns
  40 vampire mosquitoes
  26 deep elf magi
  2 wargs
  43 deep elf fighters
  3 mottled dragons
  10 hippogriffs
  Menkaure (D:7)
  29 swamp worms
  3 hungry ghosts
  54 nagas
  2 small abominations (Abyss:1)
  A steam dragon (shapeshifter) (Vaults:2)
  36 water moccasins
  7 hell hounds (D:13)
  13 porcupines
  12 swamp drakes
  A soldier ant (D:13)
  3 sky beasts (D:12)
  16 ice beasts
  30 orc warriors
  2 black bears
  A yellow wasp (D:7)
  64 ogres
  3 phantoms
  16 crocodiles
  A lost soul (Elf:3)
  4 centaurs
  15 giant slugs
  24 giant frogs
  A brain worm (Lair:7)
  A deep troll simulacrum (Vaults:2)
  11 insubstantial wisps
  A yak zombie (D:9)
  3 eyes of draining
  29 killer bees
  5 scorpions
  10 wights
  A vampire bat (Lair:8)
  3 electric eels
  3 goliath beetles
  8 hounds
  8 crimson imps
  3 jellies
  10 big fish
  A kobold zombie (D:12)
  17 orc priests
  8 iguanas
  50 orc wizards
  8 worker ants
  7 orange rats
  19 sheep
  A mottled dragon zombie (D:12)
  3 mummies
  3 gnolls (D:8)
  53 green rats
  31 adders
  2 inept item mimics
  2 orc skeletons
  4 shadow imps
  7 white imps
  21 ufetubi
  4 worms
  3 giant eyeballs
  8 giant geckos
  An ooze (D:2)
  173 orcs
  A bat skeleton (D:4)
  33 goblins
  19 hobgoblins
  21 jackals
  13 quokkas
  22 bats
  7 giant newts
  3 giant spores
  A gnoll zombie (D:5)
  A hobgoblin skeleton (D:5)
  15 kobolds
  An orc zombie (Orc:4)
  A quokka skeleton (D:5)
  17 rats
  2 rat skeletons
  2 rat zombies
  3 ballistomycetes
  3 fungi
  4 pillars of salt
  5 plants
  2 starspawn tentacles (Abyss:1)
2027 creatures vanquished.

Vanquished Creatures (collateral kills)
  An ironheart preserver (Vaults:4)
  A flayed ghost (Vaults:4)
  A swamp dragon (Swamp:5)
  A giant firefly (Swamp:2)
  A raven (shapeshifter) (Vaults:4)
  A two-headed ogre (Vaults:4)
  An ogre (Vaults:4)
7 creatures vanquished.

Vanquished Creatures (others)
  A fire giant (Vaults:4)
  A boggart (Vaults:1)
  A two-headed ogre (Vaults:2)
  5 water elementals
  A deep elf mage (Elf:2)
  2 earth elementals (Vaults:4)
  2 nagas
  An ogre (Vaults:3)
  An orc wizard (Orc:4)
  3 white imps
  2 ufetubi (IceCv)
  9 fungi
  26 pillars of salt
  5 plants
  2 starspawn tentacles (Abyss:1)
  A starspawn tentacle segment (Abyss:1)
63 creatures vanquished.

Grand Total: 2097 creatures vanquished

Notes
Turn   | Place    | Note
--------------------------------------------------------------
     0 | D:1      | Zernach, the Formicid Fighter, began the quest for the Orb.
     0 | D:1      | Reached XP level 1. HP: 18/18 MP: 1/1
    72 | D:1      | Reached skill level 4 in Shields
   106 | D:1      | Reached XP level 2. HP: 24/24 MP: 3/3
   721 | D:2      | Reached XP level 3. HP: 21/29 MP: 4/4
   859 | D:2      | Reached skill level 5 in Shields
   951 | D:2      | Reached XP level 4. HP: 27/35 MP: 5/5
  1168 | D:2      | Reached skill level 6 in Shields
  1714 | D:3      | Reached XP level 5. HP: 41/41 MP: 7/7
  1891 | D:3      | Reached skill level 7 in Shields
  2109 | D:3      | Reached XP level 6. HP: 45/47 MP: 8/8
  2131 | D:3      | Noticed a centaur
  2141 | D:3      | Killed a centaur
  2141 | D:3      | Reached skill level 8 in Shields
  2579 | D:4      | Upgraded the game from 0.15-a0-429-gf5d7e11 to 0.15-a0-462-gf669498
  2690 | D:4      | Found a glowing silver altar of Zin.
  2705 | D:4      | Became a worshipper of Zin the Law-Giver
  2705 | D:4      | Acquired Zin's first power
  2773 | D:4      | Reached XP level 7. HP: 52/52 MP: 9/9
  2795 | D:4      | Reached skill level 9 in Shields
  3001 | D:4      | Acquired Zin's second power
  3325 | D:5      | Entered Level 5 of the Dungeon
  3489 | D:5      | Reached XP level 8. HP: 52/58 MP: 11/11
  3787 | D:6      | Reached skill level 5 in Polearms
  3930 | D:6      | Found a staircase to the Ecumenical Temple.
  4614 | D:6      | Acquired Zin's third power
  4819 | D:7      | Reached XP level 9. HP: 54/64 MP: 9/12
  4993 | D:7      | Noticed Menkaure
  5004 | D:7      | Killed Menkaure
  5497 | D:7      | Found Boalep's Weapon Shoppe.
  5766 | D:8      | Found Kuantaek's Gadget Shop.
  5789 | D:8      | Reached skill level 10 in Polearms
  5973 | D:8      | Found Buniykk's Assorted Antiques.
  5987 | D:8      | Found Saumeeng's Distillery.
  6013 | D:8      | Bought a potion of agility for 30 gold pieces
  6013 | D:8      | Bought a potion of flight for 36 gold pieces
  6029 | D:8      | Bought a sparkling zirconium amulet for 130 gold pieces
  6031 | D:8      | Identified the amulet of Chizatt {Ward rPois rF+ rN++ Dex+3} (You bought it in a shop on level 8 of the Dungeon)
  6039 | D:8      | Found a staircase to the Lair.
  6040 | D:8      | Noticed a wandering mushroom
  6040 | D:8      | Noticed a wandering mushroom
  6069 | D:8      | Killed a wandering mushroom
  6069 | D:8      | Reached XP level 10. HP: 70/70 MP: 13/13
  6080 | D:8      | Killed a wandering mushroom
  6080 | D:8      | Reached skill level 11 in Polearms
  6192 | D:8      | Found Praer's General Store.
  6201 | D:8      | Bought a scroll of fog for 26 gold pieces
  6311 | D:8      | Reached skill level 12 in Polearms
  6335 | D:8      | Noticed a queen bee
  6371 | D:8      | Killed a queen bee
  6544 | D:8      | Reached skill level 5 in Fighting
  6664 | D:8      | Found a white marble altar of Elyvilon.
  6666 | D:8      | Found a shadowy altar of Dithmenos.
  6667 | D:8      | Found a snail-covered altar of Cheibriados.
  6671 | D:8      | Found Shi Ridiej's Gadget Boutique.
  7195 | D:9      | Acquired Zin's fourth power
  7300 | D:9      | Reached XP level 11. HP: 52/86 MP: 12/15
  7901 | D:10     | Entered Level 10 of the Dungeon
  7979 | D:9      | Reached skill level 10 in Fighting
  8065 | D:9      | Reached skill level 5 in Armour
  8299 | Lair:1   | Entered Level 1 of the Lair of Beasts
  8561 | Lair:1   | Noticed a five-headed hydra
  8573 | Lair:1   | Killed a hydra
  9535 | Lair:2   | Reached XP level 12. HP: 95/97 MP: 16/16
  9694 | Lair:2   | Noticed a four-headed hydra
  9707 | Lair:2   | Killed a hydra
  9707 | Lair:2   | Reached skill level 10 in Armour
  9739 | Lair:2   | Reached skill level 1 in Invocations
 10573 | Lair:3   | Reached skill level 5 in Invocations
 11518 | Lair:4   | Found a frozen archway.
 11583 | IceCv    | Entered an ice cave
 11784 | IceCv    | Reached skill level 10 in Invocations
 11818 | IceCv    | Reached XP level 13. HP: 71/103 MP: 28/28
 12248 | Lair:4   | Noticed a five-headed hydra
 12256 | Lair:4   | Killed a hydra
 12271 | Lair:4   | Found a staircase to the Swamp.
 12782 | Lair:4   | Noticed a four-headed hydra
 12794 | Lair:4   | Reached skill level 13 in Invocations
 12798 | Lair:4   | Killed a hydra
 12969 | Lair:4   | Noticed an ice dragon
 12985 | Lair:4   | Killed an ice dragon
 13012 | Lair:4   | Got a brightly glowing leather armour
 13025 | Lair:4   | Identified the +4 leather armour of Peek-a-Boo {rElec Str-2 Curse} (You found it on level 4 of the Lair of Beasts)
 13485 | Lair:5   | Reached skill level 14 in Invocations
 13824 | Lair:5   | Found a staircase to the Snake Pit.
 13857 | Lair:6   | Noticed Harold
 13872 | Lair:6   | Killed Harold
 13908 | Lair:6   | Reached skill level 1 in Evocations
 14251 | Lair:6   | Reached skill level 5 in Evocations
 14273 | Lair:6   | Reached XP level 14. HP: 101/110 MP: 32/32
 14763 | Lair:7   | Got a transparent wooden ring
 14766 | Lair:7   | Identified the ring "Crooley" {Wiz rC+} (You found it on level 7 of the Lair of Beasts)
 15036 | Lair:7   | Reached skill level 10 in Evocations
 15741 | Lair:8   | Entered Level 8 of the Lair of Beasts
 16909 | Lair:8   | Noticed an acid blob
 16910 | Lair:8   | Found a staircase to the Slime Pits.
 16910 | Lair:8   | Noticed an acid blob
 16999 | Lair:8   | Reached XP level 15. HP: 75/115 MP: 32/32
 18411 | D:10     | Found a staircase to the Orcish Mines.
 18412 | D:10     | Found an ancient bone altar of Kikubaaqudgha.
 18869 | D:11     | Reached skill level 15 in Polearms
 19354 | D:11     | Found Stepijuu's Assorted Antiques.
 19990 | Orc:1    | Entered Level 1 of the Orcish Mines
 21168 | Orc:4    | Entered Level 4 of the Orcish Mines
 21168 | Orc:4    | Found a staircase to the Elven Halls.
 21189 | Orc:4    | Found a dark tunnel.
 21217 | Volcano  | Entered a volcano
 21235 | Volcano  | Found a burning altar of Makhleb.
 21814 | Orc:2    | Found a shimmering altar of Xom.
 22121 | Orc:2    | Found Eziudic's Distillery.
 22128 | Orc:2    | Bought a potion of poison for 15 gold pieces
 22697 | Orc:4    | Noticed Erica
 22704 | Orc:4    | Killed Erica
 22704 | Orc:4    | Reached skill level 16 in Polearms
 22723 | Orc:4    | Found Ockar's Food Shoppe.
 22723 | Orc:4    | Found Yziod's General Store.
 22744 | Orc:4    | Found Motuxzeu's Food Shoppe.
 22810 | Orc:4    | Found Qegeasall's Armour Emporium.
 22997 | Orc:4    | Noticed Donald
 23019 | Orc:4    | Killed Donald
 23113 | Orc:4    | Noticed Nergalle
 23123 | Orc:4    | Killed Nergalle
 23657 | D:12     | Reached XP level 16. HP: 58/122 MP: 33/33
 24423 | D:13     | Found Zeesates' Weapon Shop.
 24437 | D:13     | Found a flagged portal.
 24474 | Bailey   | Entered a bailey
 25428 | D:13     | Found a gate to the Vaults.
 25738 | Lair:1   | Upgraded the game from 0.15-a0-462-gf669498 to 0.15-a0-773-g3a4c672
 25858 | Snake:1  | Entered Level 1 of the Snake Pit
 27018 | Snake:2  | Reached skill level 15 in Armour
 27843 | Snake:3  | Reached XP level 17. HP: 104/128 MP: 34/34
 27862 | Snake:3  | Noticed Vashnia
 28421 | Snake:3  | Killed Vashnia
 28568 | Snake:3  | Noticed Frances
 28590 | Snake:3  | Killed Frances
 28907 | Snake:3  | Noticed Jorgrun
 28967 | Snake:3  | Killed Jorgrun
 30202 | Snake:4  | Got a pair of crude gloves
 30203 | Snake:4  | Identified the +2 pair of gloves of the Big Bang {Dex-2 Int-1 Dam+2} (You found it on level 4 of the Snake Pit)
 30682 | Snake:4  | Gained mutation: You are frail (-10% HP). [potion of mutation]
 31373 | Snake:5  | Entered Level 5 of the Snake Pit
 31383 | Snake:5  | Reached skill level 10 in Shields
 31802 | Snake:5  | Found a bloodstained altar of Trog.
 32077 | Snake:5  | Reached XP level 18. HP: 73/128 MP: 35/35
 32682 | Snake:5  | Got a serpentine rune of Zot
 33180 | Swamp:1  | Entered Level 1 of the Swamp
 33802 | Swamp:2  | Reached skill level 15 in Shields
 34212 | Swamp:2  | Reached skill level 15 in Invocations
 34313 | Swamp:2  | HP: 3/128 [spiny frog[a spriggan druid] (18)]
 34732 | Swamp:2  | You fall through a shaft for 2 floors!
 34832 | Swamp:4  | Noticed Wiglaf
 34861 | Swamp:4  | Killed Wiglaf
 35578 | Swamp:3  | Reached XP level 19. HP: 134/134 MP: 36/36
 35592 | Swamp:3  | Got an ancient morningstar
 36273 | Swamp:5  | Entered Level 5 of the Swamp
 36557 | Swamp:5  | Reached skill level 17 in Invocations
 37175 | Swamp:5  | Noticed the 27-headed Lernaean hydra
 37200 | Swamp:5  | Reached skill level 18 in Invocations
 37230 | Swamp:5  | Killed the 20-headed Lernaean hydra
 37751 | Swamp:5  | Got a decaying rune of Zot
 38092 | Lair:1   | Identified the +6,+6 morningstar "Lueraub" {drain, rC+ rN+} (You found it on level 3 of the Swamp)
 38365 | D:8      | Bought a potion of restore abilities for 36 gold pieces
 38666 | Vaults:1 | Entered Level 1 of the Vaults
 38739 | Vaults:1 | Reached skill level 19 in Invocations
 39640 | Vaults:1 | Reached XP level 20. HP: 140/140 MP: 39/39
 39812 | Vaults:1 | Reached skill level 20 in Invocations
 40029 | Vaults:1 | Found Xeah's Antique Weapon Shoppe.
 40801 | Vaults:2 | Found Wuurphil's Distillery.
 40816 | Vaults:2 | Reached skill level 21 in Invocations
 41713 | Vaults:2 | Reached skill level 22 in Invocations
 42804 | Vaults:3 | Reached XP level 21. HP: 105/145 MP: 41/41
 43391 | Vaults:3 | Reached skill level 23 in Invocations
 43500 | Vaults:3 | Found a staircase to the Crypt.
 43749 | Vaults:3 | Found Neikkit's General Store.
 43915 | Vaults:4 | Found a staircase to the Hall of Blades.
 44432 | Vaults:4 | Reached skill level 24 in Invocations
 45830 | Elf:1    | Entered Level 1 of the Elven Halls
 46425 | Elf:1    | Reached skill level 25 in Invocations
 46461 | Elf:1    | Reached XP level 22. HP: 142/152 MP: 42/42
 47537 | Elf:2    | Got a crude war axe
 47538 | Elf:2    | Identified the +7,+1 war axe of the Mushroom {flame, Int+2} (You found it on level 2 of the Elven Halls)
 47594 | Elf:3    | Entered Level 3 of the Elven Halls
 48091 | Elf:3    | Found Idextuwoi's Armour Emporium.
 48198 | Elf:3    | Found Smaxereu's General Store.
 48212 | Elf:3    | Bought a potion of heal wounds for 36 gold pieces
 48927 | Elf:3    | Reached skill level 26 in Invocations
 49247 | Elf:3    | Cast into the Abyss (deep elf sorcerer)
 49415 | Elf:3    | Escaped the Abyss
 49857 | Lair:1   | Reached XP level 23. HP: 153/155 MP: 43/43
 50834 | Blade    | Entered the Hall of Blades
 51531 | Vaults:5 | Entered Level 5 of the Vaults
 51531 | Vaults:5 | Noticed Boris
 51568 | Vaults:4 | Reached skill level 27 in Invocations
 51595 | Vaults:4 | Blown up by Boris

Action                   |  1- 3 |  4- 6 |  7- 9 | 10-12 | 13-15 | 16-18 | 19-21 | 22-24 || total
-------------------------+-------+-------+-------+-------+-------+-------+-------+-------++-------
Melee: Trident           |    93 |   187 |       |       |       |       |       |       ||   280
       Spear             |       |   102 |   651 |   275 |       |       |       |       ||  1028
       Halberd           |       |       |       |   736 |  1853 |  2238 |  2190 |   471 ||  7488
       Glaive            |       |       |       |       |       |       |    24 |   208 ||   232
 Fire: Crossbow          |       |       |       |       |       |     1 |       |       ||     1
Invok: Vitalisation      |       |       |       |     1 |    44 |    61 |    25 |    35 ||   166
       Recite            |       |       |       |       |    15 |    64 |    85 |    30 ||   194
       Imprison          |       |       |       |       |       |     1 |     1 |       ||     2
       Sanctuary         |       |       |       |       |       |       |       |     1 ||     1
 Abil: Dig               |       |     1 |       |     8 |    17 |     3 |     3 |     1 ||    33
       Evoke Flight      |       |       |       |       |       |    21 |    28 |     2 ||    51
Evoke: Wand              |       |     2 |     7 |    13 |    16 |    10 |     6 |     7 ||    61
       Phial of floods   |       |       |       |       |     1 |     1 |     2 |       ||     4
       Stone of tremors  |       |       |       |       |       |       |     1 |       ||     1
  Use: Potion            |       |       |     1 |     2 |       |     2 |     2 |    13 ||    20
       Scroll            |       |       |     3 |    11 |    13 |     4 |     4 |     5 ||    40
 Stab: Distracted        |       |       |       |     1 |       |       |       |       ||     1
       Confused          |       |       |       |       |    14 |    76 |    60 |    16 ||   166
       Paralysed         |       |       |       |       |    24 |     6 |    57 |    14 ||   101
       Invisible         |       |       |       |       |     1 |       |     5 |     1 ||     7
